 Seeded DCSS version 0.29.0-11-gd7f09526c8 (webtiles) character file.

Game seed: 9473762178149004113 (custom seed)

156 NinjaNoafa the Ruffian (level 5, 0/50 HPs)
             Began as a Troll Fighter on Sept 2, 2022.
             Slain by an orc priest
             ... wielding a +0 mace
              (6 damage)
             ... on level 4 of the Dungeon.
             The game lasted 00:04:26 (2512 turns).

NinjaNoafa the Ruffian (Troll Fighter)              Turns: 2512, Time: 00:04:26

Health: 0/50       AC:  8    Str: 24    XL:     5   Next: 14%
Magic:  13/13      EV:  7    Int:  4    God:
Gold:   143        SH: 14    Dex: 11    Spells: 4/4 levels left

rFire   . . .      SeeInvis .     - Unarmed
rCold   . . .      Faith    .   g - +2 tower shield
rNeg    . . .      Spirit   .   a - +0 robe
rPois   .          Reflect  .   (helmet restricted)
rElec   .          Harm     .   (no cloak)
rCorr   .          Rampage  .   (gloves unavailable)
Will    .....                   (boots unavailable)
Stlth   +.........              (no amulet)
HPRegen 0.96/turn               d - ring of magical power
MPRegen 0.13/turn               p - +4 ring of protection

@: mighty, brilliant, hasted, very quick
A: large, unfitting armour, claws 3, regeneration 1, shaggy fur 1, tough skin 1,
deterioration 1
a: no special abilities


You were on level 4 of the Dungeon.
You visited 1 branch of the dungeon, and saw 4 of its levels.

You collected 143 gold pieces.

Inventory:

Missiles
 b - 39 stones (quivered)
 k - 6 poisoned darts
Armour
 a - a +0 robe (worn)
 g - a +2 tower shield (worn)
Jewellery
 d - a ring of magical power (left claw)
 p - a +4 ring of protection (right claw)
Wands
 w - a wand of polymorph (11)
Scrolls
 f - 3 scrolls of teleportation {unknown}
 i - 4 scrolls of noise
 j - 2 scrolls of identify {unknown}
 l - a scroll of brand weapon {unknown}
 m - a scroll of vulnerability {unknown}
 o - a scroll of poison {unknown}
 s - a scroll of blinking {unknown}
 v - a scroll of amnesia {unknown}
Potions
 c - 2 potions of might
 e - a potion of mutation
 h - a potion of brilliance
 q - a potion of ambrosia {unknown}
 r - 2 potions of heal wounds {unknown}
 t - 2 potions of flight {unknown}
 u - a potion of attraction {unknown}


   Skills:
 - Level 2.4 Fighting
 - Level 2.4 Dodging
 + Level 4.0 Shields
 + Level 4.2 Unarmed Combat


You had 4 spell levels left.
You didn't know any spells.
Your spell library contained the following spells:

 Spells                   Type           Power      Damage    Failure   Level
 Portal Projectile        Hex/Tloc       0%         N/A       100%        3
 Tukima's Dance           Hex            0%         N/A       100%        3
 Blade Hands              Tmut           0%         N/A       100%        5
 Borgnjor's Revivificati  Necr           0%         N/A       100%        8
 Necromutation            Tmut/Necr      0%         N/A       100%        8
 Death's Door             Necr           0%         N/A       100%        9


Dungeon Overview and Level Annotations

Branches:
Dungeon (4/15)
 Temple: D:4-7

Altars:
Vehumet

Shops:
D:1 [


Innate Abilities, Weirdness & Mutations

You are too large for most types of armour.
You have claws for hands.
Your natural rate of healing is unusually fast.
You are covered in fur. (AC +1)
You have tough skin. (AC +1)
Your body sometimes deteriorates upon taking damage.


Message History

You block the orc priest's attack. The kobold closely misses you.
You miss something.
You hear some strange, mumbled words.
A magic dart appears from out of thin air!
The magic dart hits you. The orc hits you but does no damage.
You block the orc's attack.
The orc priest hits you but does no damage.
The kobold hits you but does no damage.
You miss something. Something hits you but does no damage.
You block the orc's attack. x2; The orc priest hits you with a +0 mace.
You block the kobold's attack.
You hear some strange, mumbled words.
Something tries to affect you, but you resist.
The orc hits you with a +0 hand axe. The kobold hits you but does no damage.
The orc priest hits you with a +0 mace. The orc hits you with a +0 club.
* * * LOW HITPOINT WARNING * * *
It was a potion of mutation.
You feel extremely strange.
You feel yourself wasting away. Something hits you but does no damage.
The orc hits you but does no damage. You block the orc's attack.
You block the orc priest's attack. The kobold barely misses you.
Really quaff the potion of mutation?
You feel extremely strange.
You feel healthier.
You feel yourself wasting away. You block something's attack.
You block the orc's attack. The orc hits you with a +0 club.
* * * LOW HITPOINT WARNING * * *
The orc priest mumbles some strange prayers to Beogh against you.
Pain shoots through your body!
* * * LOW HITPOINT WARNING * * *
You block the kobold's attack.
It was a potion of brilliance.
You feel clever all of a sudden. Something hits you but does no damage.
You block the orc's attack. The orc barely misses you.
The orc priest barely misses you. You block the kobold's attack.
It was a potion of haste.
You feel yourself speed up. Something hits you but does no damage.
The orc hits you but does no damage. You block the orc's attack.
The orc priest hits you with a +0 mace.
You die...

####### ...# #...[.#
...#### #.....# ..
......###.....#### ...
#.............+...
...####......##.....##.#
......#......#.......#..
..#...ooK....#.#...#.###
......{@o....#.#..<#...#
#.####......##.#...###..
........................
...###..##.#...###......
. ##..#.#.## #####..
##.....# #..
#.....#########..
#............##..
#............##..


You could see an orc priest, 2 orcs and a kobold.

Vanquished Creatures
  An iguana (D:4)
  An orc wizard (D:4)
  5 adders
  2 dart slugs
  5 ball pythons
  11 endoplasms
  A giant cockroach (D:2)
  3 goblins
  7 hobgoblins
  3 quokkas
  5 bats
  3 frilled lizards
  2 kobolds (D:3)
  7 rats
56 creatures vanquished.

Notes
Turn   | Place    | Note
-------+----------+-------------------------------------------
     0 | D:1      | NinjaNoafa the Troll Fighter began the quest for the Orb.
     0 | D:1      | Reached XP level 1. HP: 22/22 MP: 0/0
   282 | D:1      | Reached XP level 2. HP: 29/29 MP: 1/1
   292 | D:1      | Found Leamaosy's Antique Armour Emporium.
  1134 | D:2      | Reached XP level 3. HP: 36/36 MP: 2/2
  1377 | D:2      | Found a faded altar of an unknown god.
  1882 | D:3      | Reached XP level 4. HP: 44/44 MP: 3/3
  2001 | D:3      | Found a radiant altar of Vehumet.
  2506 | D:4      | Reached XP level 5. HP: 27/50 MP: 4/4
  2509 | D:4      | Gained mutation: Your body sometimes deteriorates upon
                  | taking damage. [potion of mutation]
  2510 | D:4      | Lost mutation: Your body sometimes deteriorates upon taking
                  | damage. [potion of mutation]
  2510 | D:4      | Gained mutation: Your body sometimes deteriorates upon
                  | taking damage. [potion of mutation]
  2512 | D:4      | Slain by an orc priest

Illustrated notes

Levels and vault maps discovered:
D:1:      erik_arrival_cave_to_civilisation [erik_arrival_cave_to_hall],
          layout_basic, serial_shops, nicolae_shop_overgrown_old_shop,
          minmay_domino_2
D:2:      minmay_inner_zag, layout_basic, chequers_ecumenical_altar_simple,
          serial_aquarium, aquarium_bridge_straight [aquarium_subvault_bridge,
          aquarium_subvault_wall, aquarium_subvault_bridge,
          aquarium_subvault_balcony], aquarium_bridge_square
          [aquarium_subvault_bridge, aquarium_subvault_window,
          aquarium_subvault_bridge, aquarium_subvault_bridge],
          aquarium_window_corner, aquarium_window_1, aquarium_window_fake,
          aquarium_view_2f, aquarium_view_2e
D:3:      wander_river, layout_loops_ring, mainiacjoe_overflow_surrounded_room
D:4:      layout_basic, minmay_temple_entry_fiery, kennysheep_flooded_box

Skill      XL: |  1  2  3  4 |
---------------+-------------+-----
Shields        | 3 4 |  4.0
Unarmed Combat | 3 4 |  4.2
Fighting       | |  2.4
Dodging        | |  2.4

Action                   |  1- 3 |  4- 6 || total
-------------------------+-------+-------++-------
Melee: Unarmed           |   100 |    55 ||   155
  Use: Scroll            |     1 |       ||     1
       Potion            |       |     5 ||     5
 Stab: Sleeping          |     1 |     2 ||     3
Armor: Robe              |    22 |    32 ||    54
Dodge: Dodged            |    24 |    14 ||    38
Block: Tower shield      |    70 |    59 ||   129
       Kite shield       |     2 |       ||     2
